SOB
SAN JOSE VOLCANOES @ PUERTO BARRIOS GENERALS
11/25/1981
 
TOP OF THE 1ST
San Jose Volcanoes batting - Pitching for Puerto Barrios Generals : RHP Greg Field
Pitching: RHP Greg Field
Batting: RHB Jay Schellin 0-0: Swinging Strike
0-1: Foul Ball, location: 2F
0-2: Foul Ball, location: 2F
0-2: Ball
1-2: Strikes out swinging
Batting: RHB Anthony Laurenzi 0-0: Foul Ball, location: 2F
0-1: Foul Ball, location: 2F
0-2: Ball
1-2: Ball
2-2: Ball
3-2: Fly out, F9 (Flyball, 9, EV 95.6 MPH)
Batting: LHB Mike LaValliere 0-0: Called Strike
0-1: Ball
1-1: Ball
2-1: Swinging Strike
2-2: Fly out, F9 (Flyball, 9LS, EV 82.5 MPH)
Top of the 1st over - 0 runs, 0 hits, 0 errors, 0 left on base; San Jose 0 - Puerto Barrios 0
BOTTOM OF THE 1ST
Puerto Barrios Generals batting - Pitching for San Jose Volcanoes : RHP Bill Paschall
Pitching: RHP Bill Paschall
Batting: SHB Vince Coleman 0-0: Ball
1-0: Ground out 2-3 (Groundball, 15S, EV 71.3 MPH)
Batting: LHB Andy Guerrero 0-0: Ball
1-0: Ball
2-0: Ball
3-0: Called Strike
3-1: Called Strike
3-2: Fly out, F7 (Flyball, 7LS, EV 90.6 MPH)
Batting: LHB Ty Gainey 0-0: Ball
1-0: SINGLE (Groundball, 34D, EV 106.9 MPH) (infield hit)
Batting: LHB Randy Bush 0-0: Fly out, F5 (Popup, 5D, EV 56.3 MPH)
Bottom of the 1st over - 0 runs, 1 hit, 0 errors, 1 left on base; San Jose 0 - Puerto Barrios 0
TOP OF THE 2ND
San Jose Volcanoes batting - Pitching for Puerto Barrios Generals : RHP Greg Field
Batting: LHB Pete M O'Brien 0-0: Fly out, F9 (Line Drive, 9, EV 105.0 MPH)
Batting: RHB Jeff Spisok 0-0: Ball
1-0: Called Strike
1-1: Swinging Strike
1-2: Ground out 6-3 (Groundball, 6, EV 80.6 MPH)
Batting: RHB David Hoyt 0-0: Called Strike
0-1: Swinging Strike
0-2: Strikes out swinging
Top of the 2nd over - 0 runs, 0 hits, 0 errors, 0 left on base; San Jose 0 - Puerto Barrios 0
BOTTOM OF THE 2ND
Puerto Barrios Generals batting - Pitching for San Jose Volcanoes : RHP Bill Paschall
Batting: LHB Martino Martin 0-0: Reached on error, E1 (Groundball, 13S, EV 72.5 MPH)
Batting: SHB Doug Baker 0-0: Ball
1-0: Foul Ball, location: 2F
1-1: Called Strike
1-2: Strikes out swinging
Batting: LHB Clay Hill 0-0: Ball
1-0: SINGLE (Line Drive, 9S, EV 101.3 MPH)
Martino Martin to third
Batting: RHB Mark Sproesser 0-0: Called Strike
0-1: Foul Ball, location: 2F
0-2: Grounds into double play, 5-4-3 (Groundball, 5, EV 78.8 MPH)
Bottom of the 2nd over - 0 runs, 1 hit, 1 error, 1 left on base; San Jose 0 - Puerto Barrios 0
TOP OF THE 3RD
San Jose Volcanoes batting - Pitching for Puerto Barrios Generals : RHP Greg Field
Batting: RHB Tony Evans 0-0: Foul Ball, location: 2F
0-1: Fly out, F3 (Popup, 23F, EV 85.0 MPH)
Batting: RHB Brian David 0-0: Called Strike
0-1: Bunt missed!
0-2: SINGLE (Groundball, 34D, EV 103.1 MPH)
Batting: RHB Henry Powell 0-0: Ball
Brian David steals 2nd base
1-0: Called Strike
1-1: Swinging Strike
1-2: Ball
2-2: Fly out, F8 (Flyball, 8LM, EV 88.8 MPH)
Batting: RHB Jay Schellin 0-0: Called Strike
0-1: Swinging Strike
0-2: Strikes out swinging
Top of the 3rd over - 0 runs, 1 hit, 0 errors, 1 left on base; San Jose 0 - Puerto Barrios 0
BOTTOM OF THE 3RD
Puerto Barrios Generals batting - Pitching for San Jose Volcanoes : RHP Bill Paschall
Batting: LHB Alex Mata 0-0: SINGLE (Line Drive, 7S, EV 111.3 MPH)
Batting: SHB Vince Coleman 0-0: SINGLE (Groundball, 25, EV 63.1 MPH) (infield hit)
Alex Mata to second
Batting: LHB Andy Guerrero 0-0: Ball
1-0: Called Strike
1-1: Ball
2-1: Fly out, F4 (Popup, 4M, EV 58.1 MPH)
Batting: LHB Ty Gainey 0-0: Ball
1-0: Ball
2-0: Ball
3-0: Base on Balls
Alex Mata to third
Vince Coleman to second
Batting: LHB Randy Bush 0-0: Foul Ball, location: 2F
0-1: SINGLE (Flyball, 8LS, EV 94.4 MPH)
Alex Mata scores
Vince Coleman to third
Ty Gainey to second
Runner from 3rd tries for Home, SAFE, throw by CF to home
Batting: LHB Martino Martin 0-0: Called Strike
0-1: Ball
1-1: Ball
2-1: Foul Ball, location: 2F
2-2: Fielders Choice at 2nd, 4-6 (Groundball, 4, EV 103.8 MPH)
Ty Gainey to third
Batting: SHB Doug Baker 0-0: Ball
1-0: Fly out, F7 (Flyball, 78XD, EV 90.6 MPH)
Bottom of the 3rd over - 2 runs, 3 hits, 0 errors, 2 left on base; San Jose 0 - Puerto Barrios 2
TOP OF THE 4TH
San Jose Volcanoes batting - Pitching for Puerto Barrios Generals : RHP Greg Field
Batting: RHB Anthony Laurenzi 0-0: Ball
1-0: Foul Ball, location: 2F
1-1: Ball
2-1: Called Strike
2-2: Ball
3-2: Foul Ball, location: 2F
3-2: Foul Ball, location: 2F
3-2: Fly out, F9 (Flyball, 9LS, EV 90.6 MPH)
Batting: LHB Mike LaValliere 0-0: Ball
1-0: Swinging Strike
1-1: Ball
2-1: Swinging Strike
2-2: Foul Ball, location: 2F
2-2: Strikes out swinging
Batting: LHB Pete M O'Brien 0-0: Foul Ball, location: 2F
0-1: Ball
1-1: Foul Ball, location: 2F
1-2: Ball
2-2: Strikes out swinging
Top of the 4th over - 0 runs, 0 hits, 0 errors, 0 left on base; San Jose 0 - Puerto Barrios 2
BOTTOM OF THE 4TH
Puerto Barrios Generals batting - Pitching for San Jose Volcanoes : RHP Bill Paschall
Batting: LHB Clay Hill 0-0: Foul Ball, location: 2F
0-1: Ball
1-1: Foul Ball, location: 2F
1-2: Ball
2-2: Ball
3-2: Base on Balls
Batting: RHB Mark Sproesser 0-0: Called Strike
0-1: Ball
1-1: Foul Ball, location: 2F
1-2: Strikes out swinging
Batting: LHB Alex Mata 0-0: Foul Ball, location: 2F
0-1: Fly out, F8 (Flyball, 8LS, EV 91.3 MPH)
Batting: SHB Vince Coleman 0-0: Called Strike
0-1: Foul Ball, location: 2F
0-2: Foul Ball, location: 2F
0-2: Ball
1-2: Foul Ball, location: 2F
1-2: Ball
2-2: Foul Ball, location: 2F
2-2: Foul Ball, location: 2F
2-2: Foul Ball, location: 2F
2-2: Ground out 4-3 (Groundball, 34, EV 90.0 MPH)
Bottom of the 4th over - 0 runs, 0 hits, 0 errors, 1 left on base; San Jose 0 - Puerto Barrios 2
TOP OF THE 5TH
San Jose Volcanoes batting - Pitching for Puerto Barrios Generals : RHP Greg Field
Batting: RHB Jeff Spisok 0-0: Called Strike
0-1: Called Strike
0-2: Foul Ball, location: 2F
0-2: Ground out 6-3 (Groundball, 6, EV 88.8 MPH)
Batting: RHB David Hoyt 0-0: Ball
1-0: Foul Ball, location: 2F
1-1: Ground out 6-3 (Groundball, 6, EV 89.4 MPH)
Batting: RHB Tony Evans 0-0: Called Strike
0-1: Ball
1-1: Ball
2-1: Foul Ball, location: 2F
2-2: Ball
3-2: Foul Ball, location: 2F
3-2: Fly out, F4 (Line Drive, 4, EV 64.4 MPH)
Top of the 5th over - 0 runs, 0 hits, 0 errors, 0 left on base; San Jose 0 - Puerto Barrios 2
BOTTOM OF THE 5TH
Puerto Barrios Generals batting - Pitching for San Jose Volcanoes : RHP Bill Paschall
Batting: LHB Andy Guerrero 0-0: Ball
1-0: Ball
2-0: Foul Ball, location: 2F
2-1: Bunt for hit to 13S - play at first, batter OUT! 1-3
Batting: LHB Ty Gainey 0-0: Called Strike
0-1: Foul Ball, location: 2F
0-2: Ball
1-2: Foul Ball, location: 2F
1-2: Ball
2-2: Foul Ball, location: 2F
2-2: Fly out, F8 (Line Drive, 8LM, EV 93.1 MPH)
Batting: LHB Randy Bush 0-0: Called Strike
0-1: Ball
1-1: Swinging Strike
1-2: Foul Ball, location: 2F
1-2: Foul Ball, location: 2F
1-2: Ball
2-2: Fly out, F8 (Line Drive, 8LD, EV 93.1 MPH)
Bottom of the 5th over - 0 runs, 0 hits, 0 errors, 0 left on base; San Jose 0 - Puerto Barrios 2
TOP OF THE 6TH
San Jose Volcanoes batting - Pitching for Puerto Barrios Generals : RHP Greg Field
Batting: RHB Brian David 0-0: Ball
1-0: Ground out 5-3 (Groundball, 56S, EV 69.4 MPH)
Batting: RHB Henry Powell 0-0: Called Strike
0-1: Swinging Strike
0-2: Ball
1-2: Foul Ball, location: 2F
1-2: Strikes out swinging
Batting: RHB Jay Schellin 0-0: Ball
1-0: Foul Ball, location: 2F
1-1: Foul Ball, location: 2F
1-2: Strikes out swinging
Top of the 6th over - 0 runs, 0 hits, 0 errors, 0 left on base; San Jose 0 - Puerto Barrios 2
BOTTOM OF THE 6TH
Puerto Barrios Generals batting - Pitching for San Jose Volcanoes : RHP Bill Paschall
Batting: LHB Martino Martin 0-0: Ball
1-0: Foul Ball, location: 2F
1-1: DOUBLE (Groundball, 3L, EV 93.8 MPH)
Batting: SHB Doug Baker 0-0: Called Strike
0-1: Ball
1-1: Ball
2-1: Ball
3-1: Foul Ball, location: 2F
3-2: Base on Balls
Batting: LHB Clay Hill 0-0: Ball
1-0: Grounds into double play, 6-4-3 (Groundball, 6, EV 89.4 MPH)
Martino Martin to third
Batting: RHB Mark Sproesser 0-0: Called Strike
0-1: Ball
1-1: DOUBLE (Line Drive, 89XD, EV 103.1 MPH)
Martino Martin scores
Batting: LHB Alex Mata 0-0: Ball
1-0: Ground out 4-3 (Groundball, 4, EV 88.8 MPH)
Bottom of the 6th over - 1 run, 2 hits, 0 errors, 1 left on base; San Jose 0 - Puerto Barrios 3
TOP OF THE 7TH
San Jose Volcanoes batting - Pitching for Puerto Barrios Generals : RHP Greg Field
Batting: RHB Anthony Laurenzi 0-0: Ball
1-0: Ball
2-0: Called Strike
2-1: Fly out, F7 (Flyball, 7, EV 88.8 MPH)
Batting: LHB Mike LaValliere 0-0: Ball
1-0: Ball
2-0: Called Strike
2-1: Ball
3-1: Called Strike
3-2: Ground out U3 (Groundball, 3L, EV 86.9 MPH)
Batting: LHB Pete M O'Brien 0-0: Fly out, F6 (Popup, 15S, EV 87.5 MPH)
Top of the 7th over - 0 runs, 0 hits, 0 errors, 0 left on base; San Jose 0 - Puerto Barrios 3
BOTTOM OF THE 7TH
Puerto Barrios Generals batting - Pitching for San Jose Volcanoes : RHP Bill Paschall
Batting: SHB Vince Coleman 0-0: Ball
1-0: Foul Ball, location: 2F
1-1: Foul Ball, location: 2F
1-2: Foul Ball, location: 2F
1-2: Foul Ball, location: 2F
1-2: SINGLE (Line Drive, 7LS, EV 97.5 MPH)
Batting: LHB Andy Guerrero 0-0: Ball
Vince Coleman steals 2nd base (no throw)
1-0: SINGLE (Line Drive, 34D, EV 105.0 MPH)
Vince Coleman to third
Runner from 3rd tries for Home, throw by RF and OUT! 9-2
Andy Guerrero to second
Batting: LHB Ty Gainey 0-0: Ball
1-0: Foul Ball, location: 2F
1-1: Foul Ball, location: 2F
1-2: SINGLE (Groundball, 25, EV 73.1 MPH) (infield hit)
Andy Guerrero to third
Batting: LHB Randy Bush 0-0: Ball
Ty Gainey is caught stealing 2nd base 2-6
1-0: Foul Ball, location: 2F
1-1: Ball
2-1: Foul Ball, location: 2F
2-2: Fly out, F7 (Flyball, 7S, EV 89.4 MPH)
Bottom of the 7th over - 0 runs, 3 hits, 0 errors, 1 left on base; San Jose 0 - Puerto Barrios 3
TOP OF THE 8TH
San Jose Volcanoes batting - Pitching for Puerto Barrios Generals : RHP Greg Field
Batting: RHB Jeff Spisok 0-0: Ball
1-0: Foul Ball, location: 2F
1-1: Ground out 4-3 (Groundball, 4, EV 83.8 MPH)
Batting: RHB David Hoyt 0-0: Called Strike
0-1: Foul Ball, location: 2F
0-2: SINGLE (Line Drive, 6MD, EV 100.0 MPH)
Batting: RHB Tony Evans 0-0: Ball
1-0: Called Strike
1-1: Ball
2-1: SINGLE (Line Drive, 6D, EV 102.5 MPH)
David Hoyt to second
Batting: RHB Brian David 0-0: Called Strike
0-1: Ball
1-1: Ball
2-1: Foul Ball, location: 2F
2-2: Fly out, F6 (Line Drive, 6, EV 65.6 MPH)
Batting: RHB Henry Powell 0-0: Called Strike
0-1: Ball
1-1: Foul Ball, location: 2F
1-2: 3-RUN HOME RUN (Flyball, 7LD, EV 91.3 MPH), Distance : 372 ft
Batting: RHB Jay Schellin 0-0: Ball
1-0: Called Strike
1-1: Ball
2-1: Called Strike
2-2: Ball
3-2: Strikes out swinging
Top of the 8th over - 3 runs, 3 hits, 0 errors, 0 left on base; San Jose 3 - Puerto Barrios 3
BOTTOM OF THE 8TH
Puerto Barrios Generals batting - Pitching for San Jose Volcanoes : RHP Bill Paschall
Batting: LHB Martino Martin 0-0: Fly out, F5 (Line Drive, 5, EV 72.5 MPH)
Batting: SHB Doug Baker 0-0: Foul Ball, location: 2F
0-1: Fly out, F7 (Line Drive, 7D, EV 83.8 MPH)
Batting: LHB Clay Hill 0-0: Ball
1-0: DOUBLE (Line Drive, 9LS, EV 94.4 MPH)
Batting: RHB Mark Sproesser 0-0: Ball
1-0: Called Strike
1-1: Foul Ball, location: 2F
1-2: Ground out 3-1 (Groundball, 34, EV 93.8 MPH)
Bottom of the 8th over - 0 runs, 1 hit, 0 errors, 1 left on base; San Jose 3 - Puerto Barrios 3
TOP OF THE 9TH
San Jose Volcanoes batting - Pitching for Puerto Barrios Generals : RHP Greg Field
Batting: RHB Anthony Laurenzi 0-0: Swinging Strike
0-1: Foul Ball, location: 2F
0-2: SINGLE (Line Drive, 9S, EV 106.3 MPH)
Batting: LHB Mike LaValliere 0-0: Ball
1-0: Swinging Strike
1-1: Ball
2-1: Fly out, F8 (Flyball, 8LM, EV 90.0 MPH)
Batting: LHB Pete M O'Brien 0-0: Fly out, F3 (Popup, 23F, EV 77.5 MPH)
Batting: RHB Jeff Spisok 0-0: Fly out, F7 (Flyball, 7LS, EV 83.8 MPH)
Top of the 9th over - 0 runs, 1 hit, 0 errors, 1 left on base; San Jose 3 - Puerto Barrios 3
BOTTOM OF THE 9TH
Puerto Barrios Generals batting - Pitching for San Jose Volcanoes : RHP Bill Paschall
Pinch Hitting: LHB Pedro Rabassa 0-0: Ball
1-0: Ball
2-0: Ball
3-0: Base on Balls
Batting: SHB Vince Coleman 0-0: Foul Ball, location: 2F
0-1: Fielders Choice at 2nd, 3-6 (Groundball, 3S, EV 79.4 MPH)
Batting: LHB Andy Guerrero 0-0: Ball
1-0: Foul Ball, location: 2F
1-1: Ball
2-1: Called Strike
2-2: Fly out, F9 (Line Drive, 9D, EV 85.0 MPH)
Batting: LHB Ty Gainey 0-0: Ground out 3-1 (Groundball, 34, EV 101.9 MPH)
Bottom of the 9th over - 0 runs, 0 hits, 0 errors, 1 left on base; San Jose 3 - Puerto Barrios 3
TOP OF THE 10TH
San Jose Volcanoes batting - Pitching for Puerto Barrios Generals : RHP Greg Field
Pitching: LHP Frank Treto
Now at 3B: Richard Hyatt
Batting: RHB David Hoyt 0-0: Swinging Strike
0-1: Ball
1-1: Ball
2-1: Ball
3-1: Ground out 5-3 (Groundball, 56, EV 91.9 MPH)
Batting: RHB Tony Evans 0-0: Called Strike
0-1: Fly out, F8 (Flyball, 8LD, EV 93.8 MPH)
Batting: RHB Brian David 0-0: Called Strike
0-1: Ball
1-1: Ground out 5-3 (Groundball, 5, EV 87.5 MPH)
Top of the 10th over - 0 runs, 0 hits, 0 errors, 0 left on base; San Jose 3 - Puerto Barrios 3
BOTTOM OF THE 10TH
Puerto Barrios Generals batting - Pitching for San Jose Volcanoes : RHP Bill Paschall
Batting: LHB Randy Bush 0-0: Called Strike
0-1: Foul Ball, location: 2F
0-2: Ball
1-2: Ball
2-2: Fly out, F7 (Flyball, 7, EV 94.4 MPH)
Batting: LHB Martino Martin 0-0: Ground out 6-3 (Groundball, 6, EV 78.8 MPH)
Pinch Hitting: LHB Jerald Hammermeister 0-0: Foul Ball, location: 2F
0-1: SINGLE (Groundball, 6D, EV 101.3 MPH)
Batting: LHB Clay Hill 0-0: Called Strike
0-1: Foul Ball, location: 2F
0-2: Foul Ball, location: 2F
0-2: Ball
1-2: Ground out 4-3 (Groundball, 4, EV 90.6 MPH)
Bottom of the 10th over - 0 runs, 1 hit, 0 errors, 1 left on base; San Jose 3 - Puerto Barrios 3
TOP OF THE 11TH
San Jose Volcanoes batting - Pitching for Puerto Barrios Generals : LHP Frank Treto
Now at 2B: Jerald Hammermeister
Batting: RHB Henry Powell 0-0: Called Strike
0-1: Ball
1-1: Ground out U3 (Groundball, 34S, EV 82.5 MPH)
Batting: RHB Jay Schellin 0-0: Ball
1-0: Foul Ball, location: 2F
1-1: Ball
2-1: Reached via error on a dropped throw from 1B, E1 (Groundball, 13, EV 82.5 MPH)
Batting: RHB Anthony Laurenzi 0-0: Ball
1-0: Ball
2-0: Ball
3-0: Called Strike
3-1: Base on Balls
Jay Schellin to second
Batting: LHB Mike LaValliere 0-0: Ball
1-0: Ball
2-0: Ball
3-0: Called Strike
3-1: Fly out, F8 (Line Drive, 8RD, EV 90.0 MPH)
Batting: LHB Pete M O'Brien 0-0: Called Strike
0-1: Ball
1-1: Called Strike
1-2: Foul Ball, location: 2F
1-2: Ball
2-2: Ball
3-2: SINGLE (Groundball, 6MS, EV 81.3 MPH) (infield hit)
Jay Schellin to third
Anthony Laurenzi to second
Batting: RHB Jeff Spisok 0-0: Called Strike
0-1: Foul Ball, location: 2F
0-2: Ball
1-2: Foul Ball, location: 2F
1-2: Strikes out looking
Top of the 11th over - 0 runs, 1 hit, 1 error, 3 left on base; San Jose 3 - Puerto Barrios 3
BOTTOM OF THE 11TH
Puerto Barrios Generals batting - Pitching for San Jose Volcanoes : RHP Bill Paschall
Batting: RHB Mark Sproesser 0-0: Swinging Strike
0-1: Called Strike
0-2: Strikes out looking
Pinch Hitting: LHB George Johnson 0-0: Ball
1-0: Foul Ball, location: 2F
1-1: Ball
2-1: Called Strike
2-2: Reached on error, E5 (Groundball, 56, EV 83.8 MPH)
Batting: SHB Vince Coleman 0-0: Ground out 4-3 (Groundball, 4, EV 88.8 MPH)
George Johnson to third
Batting: LHB Andy Guerrero 0-0: Ball
1-0: SINGLE (Groundball, 25, EV 68.8 MPH) (infield hit)
George Johnson scores
Bottom of the 11th over - 1 run, 1 hit, 1 error, 0 left on base; San Jose 3 - Puerto Barrios 4
Tuesday, June 23rd, 2020 - OOTP Baseball 21.4 Build 63